 Dungeon Crawl Stone Soup version 0.27-a0-1442-g87b6fcb595 (webtiles) character file.

Game seed: 15484626030476647528

91 funkygono the Grasshopper (level 4, -10/38 HPs)
             Began as a Gnoll Warper on July 4, 2021.
             Mangled by Crazy Yiuf (11 damage)
             ... on level 3 of the Dungeon.
             The game lasted 00:04:57 (3275 turns).

funkygono the Grasshopper (Gnoll Warper)            Turns: 3275, Time: 00:04:57

Health: -10/38     AC: 11    Str: 11    XL:     4   Next: 57%
Magic:  11/11      EV: 13    Int: 12    God:
Gold:   195        SH:  0    Dex: 12    Spells: 5/13 levels left

rFire    + . .     SeeInvis .   r - +1 mace (protect)
rCold    . . .     Faith    .   (no shield)
rNeg     . . .     Spirit   .   b - +0 leather armour
rPois    .         Reflect  .   i - +0 helmet
rElec    .         Harm     .   (no cloak)
rCorr    .         Rampage  .   (no gloves)
Will     .....                  (no boots)
Stlth    +.........             (no amulet)
HPRegen  0.12/turn              o - ring of protection from fire
MPRegen  0.12/turn              (no ring)

@: under a protective aura
A: fangs 1, strong nose, distributed training
a: no special abilities


You were on level 3 of the Dungeon.
You visited 1 branch of the dungeon, and saw 3 of its levels.

You collected 195 gold pieces.

Inventory:

Hand Weapons
 a - a +0 falchion
 e - a +1 dagger of venom
 r - a +1 mace of protection (weapon)
Missiles
 d - 5 boomerangs of dispersal (quivered)
Armour
 b - a +0 leather armour (worn)
 f - a +0 scale mail
 i - a +0 helmet (worn)
Jewellery
 o - a ring of protection from fire (left hand)
Scrolls
 c - a scroll of blinking
 m - a scroll of teleportation
 p - a scroll of fog {unknown}
 q - a scroll of identify
Potions
 g - a potion of curing
 h - a potion of lignification {unknown}
 j - a potion of degeneration {unknown}
 k - a potion of ambrosia {unknown}
 l - a potion of magic {unknown}
 n - a potion of heal wounds {unknown}


   Skills:
 + Level 4.6 Fighting
 + Level 1.2 Short Blades
 + Level 4.6 Long Blades
 + Level 1.2 Axes
 + Level 1.2 Maces & Flails
 + Level 1.2 Polearms
 + Level 1.2 Staves
 + Level 1.2 Slings
 + Level 1.2 Bows
 + Level 1.2 Crossbows
 + Level 2.8 Throwing
 + Level 2.8 Armour
 + Level 4.6 Dodging
 + Level 1.2 Stealth
 + Level 1.2 Shields
 + Level 1.2 Unarmed Combat
 + Level 5.1 Spellcasting
 + Level 1.0 Conjurations
 + Level 1.0 Hexes
 + Level 1.0 Summonings
 + Level 1.0 Necromancy
 + Level 5.5 Translocations
 + Level 1.0 Transmutations
 + Level 1.0 Fire Magic
 + Level 1.0 Ice Magic
 + Level 1.0 Air Magic
 + Level 1.0 Earth Magic
 + Level 1.0 Poison Magic
 + Level 1.3 Invocations
 + Level 1.2 Evocations


You had 5 spell levels left.
You knew the following spells:

 Your Spells              Type           Power      Damage    Failure   Level
a - Blink                 Tloc           N/A        N/A       4%          2
b - Gell's Gravitas       Tloc           8%         N/A       8%          3
c - Ozocubu's Armour      Ice            5%         N/A       45%         3

Your spell library contained the following spells:

 Spells                   Type           Power      Damage    Failure   Level
 Lesser Beckoning         Tloc           8%         N/A       8%          3
 Teleport Other           Tloc           16%        N/A       8%          3
 Manifold Assault         Tloc           16%        N/A       58%         5
 Airstrike                Air            2%         N/A       86%         4
 Summon Lightning Spire   Summ/Air       5%         N/A       86%         4
 Lightning Bolt           Conj/Air       2%         1d14      99%         5
 Metabolic Englaciation   Hex/Ice        2%         N/A       99%         5
 Simulacrum               Ice/Necr       2%         N/A       100%        6


Dungeon Overview and Level Annotations

Branches:
Dungeon (3/15)

Altars:

Shops:
D:3 *

Annotations:
D:3 Crazy Yiuf


Innate Abilities, Weirdness & Mutations

You have very sharp teeth.
Your uncanny sense of smell can sniff out nearby items.
Your experience applies equally to all skills.


Message History

Your +1 mace of protection hums with potential!
r - a +1 mace of protection (weapon)
You open the door.
Crazy Yiuf whimpers, "Orb!
Hack disdain fast."
You hit Crazy Yiuf.
Your weapon exudes an aura of protection.
Crazy Yiuf is moderately wounded.
Crazy Yiuf hits you with a +4 quarterstaff of chaos!
Crazy Yiuf freezes you.
You hit Crazy Yiuf but do no damage.
Crazy Yiuf is moderately wounded.
Crazy Yiuf flaps his cloak.
Crazy Yiuf barely misses you. Crazy Yiuf misses you.
You barely miss Crazy Yiuf.
Crazy Yiuf is moderately wounded.
Crazy Yiuf barely misses you.
You closely miss Crazy Yiuf.
Crazy Yiuf is moderately wounded.
Crazy Yiuf hits you with a +4 quarterstaff of chaos.
You resist with some effort.
You closely miss Crazy Yiuf. You bite Crazy Yiuf, but do no damage.
Crazy Yiuf is moderately wounded.
Crazy Yiuf misses you.
Crazy Yiuf hits you with a +4 quarterstaff of chaos.
* * * LOW HITPOINT WARNING * * *
You feel better. Crazy Yiuf barely misses you.
You hit Crazy Yiuf.
Your weapon exudes an aura of protection.
Crazy Yiuf is heavily wounded.
Crazy Yiuf closely misses you.
You barely miss Crazy Yiuf.
Crazy Yiuf is heavily wounded.
Crazy Yiuf hits you with a +4 quarterstaff of chaos.
You are electrocuted!
* * * LOW HITPOINT WARNING * * *
You feel better.
Crazy Yiuf hits you with a +4 quarterstaff of chaos!
* * * LOW HITPOINT WARNING * * *
You are electrocuted!
You die...

####### #.....# #.##### ####
#.#...#### ### #### #...
##'#...#.P## ###)))# #...###...
#......).)P####@g)).# #.........
#...........#))##)))# #.........
##......#..)#)### ### #.........
.'......####### #........#
.#......# ###......#
#......################.....####
#...........................####
###...#+#+###+#.#'#.#######.....
#...#.#.###.#.#.#.............


You could see Crazy Yiuf.

Vanquished Creatures
  4 adders
  An orc (D:3)
  5 ball pythons
  4 bats
  8 endoplasms
  3 giant cockroaches
  2 goblins (D:1)
  2 hobgoblins
  2 jackals (D:1)
  5 quokkas
  2 frilled lizards
  6 kobolds
  2 rats
46 creatures vanquished.

Vanquished Creatures (others)
  2 plants (D:2)
2 creatures vanquished.

Grand Total: 48 creatures vanquished

Notes
Turn   | Place    | Note
-------+----------+-------------------------------------------
     0 | D:1      | funkygono the Gnoll Warper began the quest for the Orb.
     0 | D:1      | Reached XP level 1. HP: 20/20 MP: 6/6
    65 | D:1      | Reached XP level 2. HP: 5/26 MP: 7/7
    68 | D:1      | Learned a level 2 spell: Blink
   554 | D:1      | Found a faded altar of an unknown god.
  1012 | D:1      | Reached XP level 3. HP: 29/31 MP: 9/9
  1054 | D:1      | Learned a level 3 spell: Gell's Gravitas
  1093 | D:2      | Reached skill level 5 in Spellcasting
  1632 | D:2      | Reached skill level 1 in Invocations
  2091 | D:2      | Reached skill level 1 in Short Blades
  2091 | D:2      | Reached skill level 1 in Axes
  2091 | D:2      | Reached skill level 1 in Maces & Flails
  2091 | D:2      | Reached skill level 1 in Polearms
  2091 | D:2      | Reached skill level 1 in Staves
  2091 | D:2      | Reached skill level 1 in Slings
  2091 | D:2      | Reached skill level 1 in Bows
  2091 | D:2      | Reached skill level 1 in Crossbows
  2091 | D:2      | Reached skill level 1 in Stealth
  2091 | D:2      | Reached skill level 1 in Shields
  2091 | D:2      | Reached skill level 1 in Unarmed Combat
  2091 | D:2      | Reached skill level 1 in Evocations
  2154 | D:2      | Reached XP level 4. HP: 31/38 MP: 11/11
  2439 | D:2      | Learned a level 3 spell: Ozocubu's Armour
  2967 | D:3      | Found Topepaano's Assorted Antiques.
  3070 | D:3      | Reached skill level 1 in Conjurations
  3070 | D:3      | Reached skill level 1 in Hexes
  3070 | D:3      | Reached skill level 1 in Summonings
  3070 | D:3      | Reached skill level 1 in Necromancy
  3070 | D:3      | Reached skill level 1 in Transmutations
  3070 | D:3      | Reached skill level 1 in Fire Magic
  3070 | D:3      | Reached skill level 1 in Ice Magic
  3070 | D:3      | Reached skill level 1 in Air Magic
  3070 | D:3      | Reached skill level 1 in Earth Magic
  3070 | D:3      | Reached skill level 1 in Poison Magic
  3261 | D:3      | Found a runed translucent door.
  3262 | D:3      | Noticed Crazy Yiuf
  3275 | D:3      | HP: 1/38 [Crazy Yiuf (8)]
  3275 | D:3      | Mangled by Crazy Yiuf

Illustrated notes

Levels and vault maps discovered:
D:1:      lemuel_arrival_muddy, layout_basic, ebering_ecumenical_altar_ruins
D:2:      layout_basic, minmay_shallow_snake_nest
D:3:      layout_basic, serial_shops, shop, minmay_crystal_water,
          grunt_ministairs_2, uniq_crazy_yiuf_cottage

Skill      XL: |  1  2  3  4 |
---------------+-------------+-----
Spellcasting   | 5 |  5.1
Invocations    | 1 |  1.3
Short Blades   | 1 |  1.2
Axes           | 1 |  1.2
Maces & Flails | 1 |  1.2
Polearms       | 1 |  1.2
Staves         | 1 |  1.2
Slings         | 1 |  1.2
Bows           | 1 |  1.2
Crossbows      | 1 |  1.2
Stealth        | 1 |  1.2
Shields        | 1 |  1.2
Unarmed Combat | 1 |  1.2
Evocations     | 1 |  1.2
Conjurations   | 1 |  1.0
Hexes          | 1 |  1.0
Summonings     | 1 |  1.0
Necromancy     | 1 |  1.0
Transmutations | 1 |  1.0
Fire Magic     | 1 |  1.0
Ice Magic      | 1 |  1.0
Air Magic      | 1 |  1.0
Earth Magic    | 1 |  1.0
Poison Magic   | 1 |  1.0
Fighting       | |  4.6
Long Blades    | |  4.6
Throwing       | |  2.8
Armour         | |  2.8
Dodging        | |  4.6
Translocations | |  5.5

Action                   |  1- 3 |  4- 6 || total
-------------------------+-------+-------++-------
Melee: Falchion          |   128 |    36 ||   164
       Bite              |    14 |     5 ||    19
       Mace              |       |     7 ||     7
  Use: Scroll            |     2 |     2 ||     4
       Potion            |       |     2 ||     2
Armor: Leather armour    |    38 |     7 ||    45
Dodge: Dodged            |    93 |    34 ||   127
       Rpst.: Falchion   |    35 |     8 ||    43

Table legend: (Time is in decaauts)
 A = Elapsed time spent in this place.
 B = Non-inter-level travel time spent in this place.
 C = Inter-level travel time spent in this place.
 D = Time resting spent in this place.
 E = Time spent auto-exploring this place.
 F = Levels seen in this place.
 G = Mean time per level.
                   A        B        C        D        E       F      G
               +--------+--------+--------+--------+--------+-----+--------+
         Total |   3292 |   3241 |     51 |      0 |   2589 |   3 | 1097.3 |
       Dungeon |   3292 |   3241 |     51 |      0 |   2589 |   3 | 1097.3 |
               +--------+--------+--------+--------+--------+-----+--------+

Top non-repeatable levels by time:
     D:2: 1632 daAuts
     D:1: 1087 daAuts
     D:3: 572 daAuts
